 Dungeon Crawl Stone Soup version 0.24.0-13-gcf9b3192b9 (webtiles) character file.

Game seed: 11656922908104626556, levelgen mode: classic

366 EnegeticOcto the Chopper (level 6, -3/55 HPs)
             Began as a Minotaur Fighter on Nov 9, 2019.
             Was an Initiate of Gozag.
             Slain by Eustachio
             ... wielding a +0 falchion
              (4 damage)
             ... on level 5 of the Dungeon.
             The game lasted 00:02:00 (3324 turns).

EnegeticOcto the Chopper (Minotaur Fighter)         Turns: 3324, Time: 00:02:01

Health: -3/55      AC:  8    Str: 22    XL:     6   Next: 40%
Magic:  5/5        EV:  8    Int:  5    God:    Gozag
Gold:   202        SH: 10    Dex: 10    Spells: 5/5 levels left

rFire    . . .     SeeInvis .   a - +0 war axe
rCold    . . .     Gourm    .   c - +0 shield
rNeg     . . .     Faith    .   b - +0 scale mail
rPois    .         Spirit   .   (helmet restricted)
rElec    .         Reflect  .   (no cloak)
rCorr    .         Harm     .   u - +0 pair of gloves
MR       .....                  (no boots)
Stlth    ..........             x - amulet of magic regeneration
HPRegen  0.18/turn              f - ring of attention (curse)
MPRegen  0.34/turn              (no ring)

@: lethally poisoned (-3 -> -4)
A: retaliatory headbutt, horns 2
a: Potion Petition, Call Merchant, Bribe Branch, Renounce Religion


You were on level 5 of the Dungeon.
You worshipped Gozag.
Gozag was aware of your devotion.
You were not hungry.

You visited 2 branches of the dungeon, and saw 6 of its levels.

You collected 240 gold pieces.
You paid 38 gold pieces to Gozag.

Inventory:

Hand Weapons
 a - a +0 war axe (weapon)
Armour
 b - a +0 scale mail (worn)
 c - a +0 shield (worn)
 u - a +0 pair of gloves (worn)
 v - a +0 pair of boots
Jewellery
 f - a cursed ring of attention (left hand)
 x - an amulet of magic regeneration (around neck)
Scrolls
 g - 3 scrolls of enchant weapon {unknown}
 h - 7 scrolls of remove curse {unknown}
 i - 2 scrolls of immolation {unknown}
 j - 4 scrolls of teleportation {unknown}
 k - a scroll of amnesia {unknown}
 l - 2 scrolls of blinking {unknown}
 p - a scroll of magic mapping {unknown}
 q - a scroll of noise {unknown}
 r - a scroll of enchant armour {unknown}
 w - 2 scrolls of fear {unknown}
 y - a scroll of identify {unknown}
Potions
 d - 2 potions of might {@q3 !q}
 m - a potion of haste {unknown}
 n - a potion of mutation {unknown}
 o - a potion of agility {unknown}
 s - a potion of ambrosia {unknown}
 t - a potion of curing {unknown}
 z - a potion of heal wounds {unknown}
Comestibles
 e - 5 rations


   Skills:
 + Level 4.9 Fighting
 * Level 5.1 Axes
 + Level 4.8 Armour
 + Level 2.4 Dodging
 + Level 4.9 Shields


You had 5 spell levels left.
You didn't know any spells.
Your spell library was empty.

Dungeon Overview and Level Annotations

Branches:
Dungeon (5/15)             Temple (1/1) D:4

Altars:
Cheibriados
Dithmenos
Fedhas
Gozag
Hepliaklqana
Kikubaaqudgha
Okawaru
Qazlal
Ru
Sif Muna
Trog
Uskayaw
Vehumet
Wu Jian
The Shining One

Annotations:
D:5 Eustachio


Innate Abilities, Weirdness & Mutations

You reflexively headbutt those who attack you in melee.
You have a pair of horns on your head.


Message History

Your shield and scale mail prevent you from hitting the quokka.
You slash the adder!
You feel sick. You block the quokka's attack.
The quokka bites you but does no damage.
You block the river rat's attack. The adder bites you but does no damage.
The quokka bites you but does no damage.
The quokka closely misses you. You furiously retaliate!
You headbutt the quokka.
You kill the quokka!
The quokka's corpse disappears in a puff of smoke!
You barely miss the adder.
The adder is almost dead.
You closely miss the river rat. You closely miss the quokka.
You feel sick. The adder bites you but does no damage. The river rat bites you!
Eustachio mumbles some strange words.
The quokka misses you. You furiously retaliate!
You headbutt the quokka. The adder closely misses you.
The river rat twitches its whiskers.
The river rat bites you.
You hit the adder.
You kill the adder!
Your shield prevents you from hitting the river rat.
You closely miss the quokka. You block the quokka's attack.
The river rat bites you but does no damage.
The quokka bites you but does no damage.
Eustachio casts a spell.
Eustachio blinks!
You hit the river rat.
The river rat is severely wounded.
You barely miss the quokka.
You feel sick. The quokka barely misses you.
The river rat becomes distracted by the nearby gold, dreaming of imaginary riches.
The quokka barely misses you.
You hit the river rat but do no damage.
The river rat is no longer distracted by gold.
The river rat is heavily wounded.
You slash the quokka!
You kill the quokka!
The quokka's corpse disappears in a puff of smoke!
You hit the iron imp. The river rat closely misses you.
You furiously retaliate!
You headbutt the river rat!
You kill the river rat!
The river rat's corpse disappears in a puff of smoke!
The iron imp hits you!
Eustachio casts a spell.
Eustachio blinks!
You are too injured to fight recklessly!
You are too injured to fight recklessly!
You are too injured to fight recklessly!
You are too injured to fight recklessly!
You are too injured to fight recklessly!
You are too injured to fight recklessly!
You are too injured to fight recklessly!
You are too injured to fight recklessly!
You feel sick.
The crimson imp blinks!
You block the iron imp's attack.
Eustachio screams, "Hey, you killed my favourite bat!"
Eustachio hits you but does no damage.
You hit Eustachio.
You headbutt Eustachio, but do no damage.
Eustachio is moderately wounded.
Your scale mail prevents you from hitting the iron imp.
The iron imp barely misses you. Eustachio hits you but does no damage.
You hit Eustachio but do no damage.
Eustachio is moderately wounded.
You closely miss the crimson imp. You barely miss the iron imp.
You feel sick.
The crimson imp hits you but does no damage.
Eustachio closely misses you. You block the iron imp's attack.
The crimson imp blinks!
You slash Eustachio!
Eustachio is severely wounded.
You barely miss the iron imp. You closely miss the shadow imp.
The shadow imp barely misses you. You block Eustachio's attack.
The iron imp hits you but does no damage.
The shadow imp grins evilly.
The shadow imp hits you but does no damage.
You miss Eustachio.
Eustachio is severely wounded.
You barely miss the iron imp. You closely miss the shadow imp.
Eustachio closely misses you. You block the iron imp's attack.
You block the shadow imp's attack.
You closely miss Eustachio.
Eustachio is severely wounded.
You barely miss the shadow imp. You hit the iron imp but do no damage.
You feel sick. Eustachio hits you with a +0 falchion.
* * * LOW HITPOINT WARNING * * *
You block the shadow imp's attack. The iron imp closely misses you.
Eustachio barely misses you.
You closely miss Eustachio.
Eustachio is severely wounded.
You slash the iron imp! You barely miss the shadow imp.
The shadow imp gestures at you. Pain shoots through your body!
* * * LOW HITPOINT WARNING * * *
The iron imp hits you!
* * * LOW HITPOINT WARNING * * *
You block Eustachio's attack.
You barely miss Eustachio.
Eustachio is severely wounded.
You closely miss the iron imp. You miss the crimson imp.
Eustachio hits you with a +0 falchion.
You die...
Your body crumbles into a pile of gold.

####.....##...
###....####...##
#####..........(###
##......##########
##.....###
#.......# #....5..#
#...@55.# ##...@$##
#.(...# #.......#
#>......# #.......#
##....(## ##...##
#####


You could see Eustachio, an iron imp, a crimson imp and a shadow imp.

Vanquished Creatures
  An ogre (D:5)
  A bullfrog zombie (D:5)
  2 orc wizards (D:3)
  2 worker ants (D:4)
  A worker ant zombie (D:5)
  4 adders
  A shadow imp (D:5)
  2 oozes (D:1)
  3 worms
  A dart slug (D:1)
  A leopard gecko (D:2)
  5 orcs (D:3)
  9 bats
  4 giant cockroaches
  8 goblins
  6 hobgoblins
  4 jackals (D:2)
  4 kobolds
  A quokka (D:2)
  3 frilled lizards
  6 rats
69 creatures vanquished.

Notes
Turn   | Place    | Note
-------+----------+-------------------------------------------
     0 | D:1      | EnegeticOcto the Minotaur Fighter began the quest for the
                  | Orb.
     0 | D:1      | Reached XP level 1. HP: 19/19 MP: 0/0
    82 | D:1      | Reached XP level 2. HP: 27/27 MP: 1/1
   132 | D:1      | Reached skill level 3 in Axes
   410 | D:1      | Reached XP level 3. HP: 33/33 MP: 2/2
   654 | D:2      | Reached skill level 1 in Dodging
  1432 | D:3      | Reached XP level 4. HP: 40/40 MP: 3/3
  1827 | D:3      | Reached skill level 4 in Axes
  1827 | D:3      | Reached XP level 5. HP: 18/47 MP: 4/4
  2417 | D:4      | Found a staircase to the Ecumenical Temple.
  2426 | Temple   | Entered the Ecumenical Temple
  2635 | Temple   | Became a worshipper of Gozag Ym Sagoz the Greedy
  2926 | D:5      | Entered Level 5 of the Dungeon
  2941 | D:5      | Found an iron altar of Okawaru.
  3085 | D:5      | Reached XP level 6. HP: 53/53 MP: 5/5
  3099 | D:5      | Reached skill level 5 in Axes
  3301 | D:5      | Noticed Eustachio
  3323 | D:5      | HP: 1/55 [iron imp[Eustachio] (8)]
  3324 | D:5      | Slain by Eustachio

Levels and vault maps discovered:
D:1:      dpeg_arrival_tiny_i, layout_basic
D:2:      layout_basic, first_ration
D:3:      layout_rooms, minmay_misc_feat_square
D:4:      layout_loops_ring, minmay_temple_entry_large_hall
D:5:      layout_rooms, kb_xom_exploding_sheep, okawaru_trees_2, uniq_eustachio
Temple:   minmay_temple_curvy_branch

Skill      XL: |  1  2  3  4  5  6 |
---------------+-------------------+-----
Axes           | 3 4 5 |  5.1
Fighting       | 4 |  4.9
Armour         | 4 |  4.8
Dodging        | 1 2 |  2.4
Shields        | 4 |  4.9

Action                   |  1- 3 |  4- 6 || total
-------------------------+-------+-------++-------
Melee: War axe           |    94 |    88 ||   182
       Headbutt          |    11 |    15 ||    26
  Eat: Chunk             |     2 |     3 ||     5
       Ration            |       |     1 ||     1
Armor: Scale mail        |    45 |    38 ||    83
Dodge: Dodged            |    26 |    42 ||    68
Block: Shield            |    46 |    52 ||    98
